Map: Lerilak Crest

Players

Newbie - Winner!

  • Race: Zerg Zerg
  • League: Gold

Trizztein

  • Race: Terran Terran
  • League: Platinum

VOD

Have the link to the VOD?

Description

Time

  • Played on: Jan. 2, 2016, 7:28 p.m.
  • Length: 22:17
Show
View Real Time Build Order
Export as new Build Order

Newbie Zerg - Winner!

Build Orders: Hatch First 

Get SALT Encoding   

  12  0:02  Drone  
  13  0:13  Overlord  
  13  0:17  Drone  
  14  0:31  Drone x2  
  16  0:35  Drone  
  17  0:46  Drone  
  18  1:00  Hatchery  
  17  1:07  Extractor  
  17  1:08  Drone x2  
  18  1:18  Spawning Pool  
  17  1:24  Drone  
  18  1:29  Drone  
  19  1:40  Drone  
  20  1:50  Overlord  
  20  2:07  Zergling x2  
  21  2:08  Queen  
  21  2:12  Queen  
  21  2:13  Zergling x2  
  26  2:18  Drone  
  27  2:26  Drone x2  
  27  2:28  Metabolic Boost  
  29  2:40  Overlord  
  29  2:41  Drone  
  30  2:47  Spore Crawler  
  30  2:55  Drone x3  
  33  3:03  Drone  
  34  3:09  Queen  
  36  3:16  Zergling x4  
  36  3:17  Hatchery, Zergling x2  
  38  3:22  Drone x2  
  40  3:27  Overlord  
  40  3:28  Drone  
  41  3:45  Queen  
  43  3:49  Extractor  
  43  3:53  Baneling Nest  
  35  4:24  Drone  
  35  4:25  Drone x14  
  50  4:42  Lair  
  50  4:45  Drone x5  
  55  4:46  Evolution Chamber  
  55  4:47  Evolution Chamber  
  55  4:51  Extractor  
  52  4:53  Extractor  
  51  5:07  Overlord x3  
  51  5:08  Overlord  
  50  5:14  Spore Crawler  
  50  5:15  Spore Crawler  
  50  5:18  Spore Crawler  
  44  5:40  Overseer  
  43  5:42  Spore Crawler  
  43  5:48  Zergling x22  
  53  6:00  Queen  
  56  6:18  Drone  
  56  6:19  Drone x7  
  63  6:27  Drone  
  63  6:28  Drone x4  
  68  6:38  Zerg Missile Weapons Level 1  
  68  6:39  Zerg Ground Armor Level 1  
  68  7:19  Hydralisk Den  
  66  7:42  Drone x12  
  66  7:43  Drone x2  
  80  7:46  Extractor  
  79  7:55  Drone x11  
  79  7:56  Hatchery  
  89  7:59  Extractor  
  89  8:00  Muscular Augments, Extractor  
  87  8:09  Overlord, Pneumatized Carapace  
  87  8:10  Overlord x4  
  87  8:16  Roach Warren  
  86  8:28  Extractor  
  86  8:29  Overseer, Extractor  
  84  8:55  Glial Reconstitution  
  83  8:57  Roach  
  83  8:58  Roach x12  
  83  9:00  Zerg Ground Armor Level 2, Zerg Missile Weapons Level 2  
  109  9:03  Infestation Pit  
  109  9:07  Drone  
  109  9:08  Drone x6  
  115  9:33  Spire x2  
  113  9:47  Overlord  
  113  9:48  Overlord x6  
  113  9:52  Roach  
  112  9:53  Roach x8  
  127  10:18  Drone x5  
  132  10:42  Lurker Den  
  132  10:50  Hive  
  132  10:51  Pathogen Glands  
  124  11:33  Roach x8  
  124  11:34  Roach x21  
  180  12:04  Ravager x3  
  180  12:05  Ravager  
  180  12:07  Overlord x2  
  180  12:08  Overlord x3  
  184  12:15  Greater Spire  
  182  12:19  Infestation Pit  
  150  12:57  Roach  
  150  12:58  Roach x18  
  178  13:07  Hydralisk  
  178  13:08  Hydralisk x9  
  95  14:05  Corruptor x2  
  95  14:06  Corruptor x9  
  95  14:07  Corruptor x4  
  114  14:10  Roach  
  114  14:11  Roach x12  
  140  14:28  Roach x8  
  140  14:29  Roach  
  158  14:44  Roach x6  
  170  14:47  Hatchery  
  170  14:52  Roach x10  
  189  15:07  Roach x7  
  189  15:23  Brood Lord  
  189  15:24  Brood Lord x4  
  189  15:26  Zerg Melee Weapons Level 1  
  189  15:27  Zerg Missile Weapons Level 3, Extractor  
  198  15:32  Extractor  
  197  15:41  Roach  
  174  16:30  Hatchery  
  167  16:50  Brood Lord x3  
  167  16:52  Corruptor x3  
  167  16:53  Corruptor x6  
  181  17:12  Corruptor  
  181  17:13  Corruptor x11  
  191  17:21  Zerg Ground Armor Level 3  
  141  17:54  Drone x4  
  141  17:55  Drone x6  
  151  18:09  Roach x6  
  151  18:10  Roach x16  
  190  18:35  Extractor  
  190  18:36  Extractor  
  190  18:40  Baneling Nest  
  181  18:47  Roach  
  184  19:06  Brood Lord x6  
  184  19:07  Brood Lord x2  
  200  19:24  Zerg Melee Weapons Level 2  
  200  19:29  Zerg Flyer Weapons Level 1  
  200  19:30  Ultralisk Cavern  
  183  19:57  Corruptor x4  
  183  19:58  Corruptor x9  
  187  20:12  Roach  
  187  20:13  Roach x9  
  141  20:33  Hydralisk  
  141  20:34  Hydralisk x6  
  154  20:42  Drone  
  154  20:43  Drone x5  
  159  20:50  Hydralisk x2  
  163  21:08  Hydralisk x4  
  171  21:20  Hatchery  
  170  21:29  Roach  
  170  21:31  Hydralisk x3  
  170  21:32  Hydralisk x5  
  176  21:52  Hydralisk  
  176  21:53  Hydralisk x7  
Show
View Real Time Build Order
Export as new Build Order

Trizztein Terran 

Build Orders: Reaper Expand, Hellion Banshee, Mech 

Get SALT Encoding   

  12  0:00  SCV  
  13  0:13  SCV  
  14  0:17  Supply Depot  
  14  0:25  SCV  
  15  0:39  SCV  
  15  0:41  Barracks  
  16  0:45  Refinery  
  16  0:51  SCV  
  17  1:03  SCV  
  18  1:15  SCV  
  19  1:29  Reaper, Orbital Command  
  20  1:46  Command Center  
  20  1:54  SCV  
  21  2:04  Supply Depot, Marine  
  22  2:13  Factory  
  22  2:15  SCV  
  23  2:22  Refinery  
  23  2:24  Barracks Reactor  
  23  2:27  SCV  
  24  2:39  SCV  
  25  2:51  SCV  
  25  2:58  Starport  
  25  2:59  Orbital Command  
  25  3:03  SCV  
  25  3:05  Hellion  
  28  3:09  Hellion  
  30  3:15  SCV  
  30  3:17  Barracks Tech Lab  
  31  3:26  Hellion, Orbital Command  
  33  3:30  SCV, Hellion  
  36  3:43  Cloaking Field  
  36  3:44  Supply Depot, Banshee  
  36  3:46  Barracks Tech Lab  
  39  3:51  Widow Mine  
  39  3:53  Hellion  
  43  3:57  SCV x2  
  45  4:09  SCV x2  
  47  4:21  SCV  
  47  4:22  Supply Depot  
  42  4:26  SCV  
  41  4:32  Banshee  
  41  4:33  Command Center  
  41  4:34  SCV  
  41  4:38  SCV  
  46  4:44  Hellion x2  
  50  4:52  Refinery  
  50  4:53  Refinery  
  50  4:57  Supply Depot, SCV  
  51  5:02  SCV  
  51  5:05  Hellion  
  54  5:09  SCV  
  55  5:14  SCV  
  55  5:17  Supply Depot  
  56  5:23  SCV  
  56  5:26  SCV  
  58  5:38  SCV  
  58  5:39  SCV  
  60  5:43  Factory x2  
  60  5:46  Armory, Orbital Command  
  60  5:47  Armory, Engineering Bay  
  60  5:51  SCV x2  
  62  6:03  SCV x2, Hellion x2  
  68  6:11  Starport Reactor  
  68  6:15  SCV, Supply Depot  
  68  6:16  Supply Depot  
  69  6:31  SCV  
  69  6:32  SCV  
  71  6:44  SCV, Barracks Reactor  
  71  6:45  SCV  
  73  6:48  Hellion x2  
  73  6:49  Siege Tank x2  
  73  6:52  Infernal Pre-Igniter  
  73  6:53  Supply Depot  
  83  6:54  Terran Vehicle And Ship Armor Level 1, Supply Depot, Terran Vehicle Weapons Level 1  
  83  6:55  Orbital Command  
  83  6:56  SCV  
  83  6:57  SCV  
  82  7:08  SCV  
  83  7:09  SCV  
  83  7:14  Supply Depot  
  84  7:22  SCV x3  
  87  7:29  Liberator x2  
  87  7:34  SCV, Hellion x2  
  87  7:35  Siege Tank  
  87  7:36  Siege Tank  
  95  7:44  Refinery  
  95  7:45  SCV  
  95  7:47  Refinery  
  95  7:51  Supply Depot x2  
  102  7:54  SCV x2  
  102  7:56  Hellion  
  106  7:58  Supply Depot  
  106  8:01  Supply Depot  
  106  8:06  SCV  
  106  8:07  SCV x2, Siege Tank  
  112  8:17  Factory x2  
  112  8:18  SCV  
  113  8:25  SCV x2  
  115  8:29  Medivac x2  
  115  8:31  SCV  
  120  8:37  SCV  
  120  8:38  Supply Depot  
  120  8:39  SCV  
  120  8:40  Supply Depot  
  122  8:42  Supply Depot  
  122  8:43  Supply Depot  
  122  8:45  SCV  
  121  8:59  Medivac  
  123  9:08  Command Center, Liberator  
  123  9:10  Command Center  
  123  9:11  Hellion x2  
  123  9:12  Siege Tank x2, Liberator  
  133  9:18  Command Center, Factory Tech Lab  
  133  9:23  Hellion x3  
  133  9:24  Hellion  
  133  9:29  Missile Turret  
  139  9:31  Barracks Tech Lab  
  139  9:32  Missile Turret  
  139  9:34  Missile Turret  
  139  9:37  Missile Turret  
  141  10:00  Hellion x5  
  141  10:01  Hellion x2  
  153  10:21  Supply Depot, Hellion x3, Siege Tank  
  155  10:22  Hellion x2  
  155  10:24  Planetary Fortress  
  166  10:29  Planetary Fortress  
  166  10:32  Command Center  
  166  10:39  Terran Vehicle And Ship Armor Level 2, Terran Vehicle Weapons Level 2  
  166  10:46  Fusion Core  
  166  10:49  Ghost Academy  
  166  10:51  Starport  
  166  10:52  Starport  
  166  10:57  Barracks  
  166  10:59  Barracks  
  166  11:01  Barracks  
  166  11:22  Siege Tank x3  
  166  11:23  Hellion x3  
  166  11:24  Hellion  
  175  11:45  Hellion  
  178  11:54  Hellion x2, Siege Tank x2  
  178  11:55  Hellion x2  
  187  12:06  Hellion  
  189  12:20  Missile Turret  
  177  12:23  Missile Turret  
  177  12:24  Missile Turret  
  177  12:25  Missile Turret  
  161  13:04  Siege Tank x3  
  161  13:05  Hellion x4  
  171  13:36  Siege Tank x2  
  128  13:53  Hellion x4, Siege Tank  
  131  14:00  Sensor Tower  
  125  14:08  Siege Tank  
  126  14:11  Hellion  
  126  14:13  Planetary Fortress  
  126  14:14  Hellion  
  126  14:15  Hellion x2  
  134  14:18  Refinery  
  134  14:20  Refinery  
  134  14:25  Planetary Fortress, Siege Tank  
  134  14:27  Hellion  
  139  14:32  Siege Tank, Missile Turret  
  139  14:36  Hellion x2  
  146  14:40  Siege Tank  
  149  14:53  Sensor Tower  
  149  14:57  Hellion x3  
  149  14:58  Hellion  
  147  15:10  Starport Reactor, Starport Tech Lab  
  147  15:13  Hellion  
  138  15:21  Thor  
  138  15:24  Thor  
  145  15:32  Missile Turret  
  145  15:34  Missile Turret  
  145  15:35  Missile Turret x2  
  145  15:36  Refinery x2  
  145  15:38  Thor  
  145  15:40  Hellion x4  
  159  15:54  Liberator  
  159  15:55  Liberator x4  
  159  16:01  Hellion x2  
  159  16:02  Hellion  
  165  16:13  Sensor Tower  
  163  16:34  Missile Turret  
  163  16:36  Missile Turret  
  163  16:37  Liberator x2  
  163  16:38  Liberator  
  163  16:39  Barracks Tech Lab x3  
  140  16:54  Viking  
  132  17:07  Terran Vehicle And Ship Armor Level 3, Terran Vehicle Weapons Level 3  
  110  17:38  Banshee  
  110  17:40  Hellion x3, Siege Tank  
  110  17:41  Hellion, Siege Tank x2  
  110  17:43  Liberator x2  
  117  18:00  Viking x2  
  117  18:01  Refinery, Sensor Tower  
  117  18:03  Orbital Command  
  117  18:05  Hellion x4  
  133  18:21  Banshee  
  128  18:37  Hellion x6  
  128  18:38  Siege Tank  
  141  18:42  Liberator  
  135  18:51  Refinery  
  135  18:58  Siege Tank  
  135  19:00  Viking x2  
  145  19:05  Missile Turret  
  145  19:07  Missile Turret  
  145  19:10  Missile Turret  
  145  19:13  Hellion x5  
  155  19:22  Siege Tank  
  158  19:24  Liberator  
  158  19:30  Siege Tank  
  155  19:44  Terran Ship Weapons Level 1  
  137  19:54  Viking x2  
  130  20:04  SCV x3  
  117  20:16  SCV  
  101  20:23  Hellion  
  101  20:24  Hellion, Siege Tank x2  
  110  20:31  Command Center  
  110  20:44  Hellion x2, Siege Tank  
  110  20:46  Orbital Command  
  117  20:56  Siege Tank  
  120  21:03  Sensor Tower  
  120  21:04  Refinery  
  120  21:06  Missile Turret  
  120  21:08  Missile Turret  
  120  21:28  Missile Turret  
  120  21:29  Missile Turret  
  120  21:32  Command Center  
Tags
 
Add a new tag
Caveats
  • Supply blocks, unpowered buildings, or Contaminate may cause inaccurate times.
  • Supply counts are checked every 10 seconds.